 Dungeon Crawl Stone Soup version 0.28-a0-1415-g7c84da036a (webtiles) character file.

Game seed: 16985754794423878943

88 kae the Changer (level 4, -2/35 HPs)
             Began as a Draconian Transmuter on Jan 7, 2022.
             Frozen to death by an endoplasm (4 damage)
             ... on level 2 of the Dungeon.
             The game lasted 00:00:48 (2349 turns).

kae the Changer (Draconian Transmuter)              Turns: 2349, Time: 00:00:49

Health: -2/35      AC:  5    Str: 13    XL:     4   Next: 29%
Magic:  8/8        EV: 12    Int: 15    God:
Gold:   50         SH:  0    Dex: 11    Spells: 4/8 levels left

rFire   . . .      SeeInvis .     - Unarmed
rCold   . . .      Faith    .   (no shield)
rNeg    . . .      Spirit   .   (armour unavailable)
rPois   .          Reflect  .   (helmet restricted)
rElec   .          Harm     .   (no cloak)
rCorr   .          Rampage  .   (no gloves)
Will    .....                   (no boots)
Stlth   +.........              (no amulet)
HPRegen 0.11/turn               (no ring)
MPRegen 0.11/turn               (no ring)

@: brilliant, lethally poisoned (-2 -> -4)
A: AC +5, unfitting armour, cold-blooded
a: no special abilities


You were on level 2 of the Dungeon.
You visited 1 branch of the dungeon, and saw 2 of its levels.

You collected 50 gold pieces.

Inventory:

Scrolls
 b - a scroll of brand weapon {unknown}
 c - a scroll of amnesia {unknown}


   Skills:
 - Level 1.1 Fighting
 - Level 1.7 Dodging
 - Level 3.0 Unarmed Combat
 + Level 2.9 Spellcasting
 * Level 3.9 Transmutations


You had 4 spell levels left.
You knew the following spells:

 Your Spells              Type           Power      Damage    Failure   Level
a - Beastly Appendage     Tmut           42%        N/A       4%          1
b - Spider Form           Tmut/Pois      12%        N/A       26%         3

Your spell library contained the following spells:

 Spells                   Type           Power      Damage    Failure   Level
 Wereblood                Tmut           21%        N/A       6%          2
 Ice Form                 Ice/Tmut       12%        N/A       65%         4


Dungeon Overview and Level Annotations

Branches:
Dungeon (2/15)

Altars:


Innate Abilities, Weirdness & Mutations

Your plain brown scales are hard. (AC +5)
You cannot fit into any form of body armour.
You are cold-blooded and may be slowed by cold attacks.


Message History

The adder barely misses you.
You barely miss the adder. Your kick misses the adder.
The adder is heavily wounded.
You feel sick. The endoplasm closely misses you.
The adder bites you but does no damage.
You hit the adder but do no damage. Your kick misses the adder.
Your headbutt misses the adder.
The adder is heavily wounded.
Your horns disappear.
Your talons disappear.
You feel sick. The adder barely misses you.
The endoplasm hits you but does no damage.
You hit the adder but do no damage.
The adder is heavily wounded.
You feel sick. The adder closely misses you.
The endoplasm hits you but does no damage.
The adder bites you but does no damage.
You miss the adder. You tail-slap the adder.
The adder is severely wounded.
You feel sick. The endoplasm hits you.
* * * LOW HITPOINT WARNING * * *
The adder bites you.
* * * LOW HITPOINT WARNING * * *
You barely miss the adder.
The adder is severely wounded.
You feel sick. The adder completely misses you. The endoplasm freezes you.
You are frozen.
* * * LOW HITPOINT WARNING * * *
You hit the adder.
You kill the adder!
* * * LOW HITPOINT WARNING * * *
You feel sick. The endoplasm closely misses you.
It was a potion of brilliance.
You feel clever all of a sudden.
* * * LOW HITPOINT WARNING * * *
You feel sick.
The endoplasm jiggles.
The endoplasm freezes you.
You are frozen.
You die...

#.####....# #.# #....#
#.# #....# #.# #...>#
#.# #[...#
##############[####....#
.................(......
.......................
......J@...............
.......†...............
...$.......###'#######.
........(..# #.#
.......(...# #.#
.....(.....# #.#
...........# #.#
...........# #.#
...?....# #..


You could see an endoplasm.

Vanquished Creatures
  3 adders (D:2)
  2 worms (D:2)
  3 dart slugs
  2 ball pythons
  3 bats
  3 endoplasms
  2 goblins
  3 hobgoblins
  14 jackals (D:1)
  2 quokkas (D:2)
  4 kobolds
  2 rats
43 creatures vanquished.

Notes
Turn   | Place    | Note
-------+----------+-------------------------------------------
     0 | D:1      | kae the Draconian Transmuter began the quest for the Orb.
     0 | D:1      | Reached XP level 1. HP: 16/16 MP: 3/3
   134 | D:1      | Reached XP level 2. HP: 18/23 MP: 3/5
   936 | D:1      | Reached XP level 3. HP: 14/28 MP: 4/6
   944 | D:1      | Learned a level 3 spell: Spider Form
  2154 | D:2      | Reached XP level 4. HP: 35/35 MP: 6/8
  2349 | D:2      | Frozen to death by an endoplasm

Illustrated notes

Levels and vault maps discovered:
D:1:      scummos_arrival_hexagon, layout_loops_corners
D:2:      layout_basic, serial_shops, shop_fountains, lightli_corner_chamber

Skill      XL: |  1  2 |
---------------+-------+-----
Transmutations | 3 |  3.9
Fighting       | |  1.1
Dodging        | |  1.7
Unarmed Combat | |  3.0
Spellcasting   | |  2.9

Action                   |  1- 3 |  4- 6 || total
-------------------------+-------+-------++-------
Melee: Unarmed           |   102 |    31 ||   133
       Headbutt          |     9 |     2 ||    11
       Kick              |    13 |     6 ||    19
       Tailslap          |    11 |     6 ||    17
       Punch             |     1 |     2 ||     3
 Cast: Beastly Appendage |    21 |     3 ||    24
  Use: Scroll            |     1 |       ||     1
       Potion            |       |     1 ||     1
Armor: Skin              |    45 |    18 ||    63
Dodge: Dodged            |    82 |    25 ||   107

Table legend: (Time is in decaauts)
 A = Elapsed time spent in this place.
 B = Non-inter-level travel time spent in this place.
 C = Inter-level travel time spent in this place.
 D = Time resting spent in this place.
 E = Time spent auto-exploring this place.
 F = Levels seen in this place.
 G = Mean time per level.
                   A        B        C        D        E       F      G
               +--------+--------+--------+--------+--------+-----+--------+
         Total |   2344 |   2313 |     31 |      0 |   2006 |   2 | 1172.0 |
       Dungeon |   2344 |   2313 |     31 |      0 |   2006 |   2 | 1172.0 |
               +--------+--------+--------+--------+--------+-----+--------+

Top non-repeatable levels by time:
     D:1: 1383 daAuts
     D:2: 960 daAuts
